 Dungeon Crawl Stone Soup version 0.19.1-1-g22dce08 (webtiles) character file.

94 markt42 the Cudgeler (level 4, -2/29 HPs)
             Began as a Gargoyle Monk on Jan 8, 2017.
             Killed from afar by a white imp (3 damage)
             ... with a puff of frost
             ... summoned by Natasha
             ... on level 2 of the Dungeon.
             The game lasted 00:01:26 (1317 turns).

markt42 the Cudgeler (Gargoyle Monk)                Turns: 1317, Time: 00:01:27

Health: -2/29      AC: 11    Str: 15    XL:     4   Next: 63%
Magic:  4/4        EV:  7    Int: 11    God:
Gold:   51         SH:  0    Dex: 12    Spells: 0 memorised, 3 levels left

rFire  . . .     SeeInvis .     a - +0 mace
rCold  . . .     Gourm    .     j - +0 chain mail
rNeg   + . .     Faith    .     (no shield)
rPois  ∞         Spirit   .     (no helmet)
rElec  +         Reflect  .     (no cloak)
rCorr  .         Harm     .     (no gloves)
MR     .....                    (no boots)
Stlth  ..........               (no amulet)
                                (no ring)
                                (no ring)

@: no status effects
A: negative energy resistance 1, electricity resistance, unbreathing,
petrification resistance, rot immunity, AC +3
a: no special abilities


You were on level 2 of the Dungeon.
You were near starving.

You visited 1 branch of the dungeon, and saw 2 of its levels.

You collected 51 gold pieces.

Inventory:

Hand Weapons
 a - a +0 mace (weapon)
Armour
 j - a +0 chain mail (worn)
Scrolls
 b - a scroll of fear {unknown}
 g - 2 scrolls of identify
 h - a scroll of remove curse {unknown}
 i - a scroll of recharging {unknown}
 k - a scroll of teleportation {unknown}
Potions
 d - a potion of resistance {unknown}
 e - a potion of mutation {unknown}
 f - a potion of curing {unknown}
 l - a potion of agility {unknown}
 m - a potion of might {unknown}
 n - a potion of degeneration {unknown}
 o - a potion of magic {unknown}
Comestibles
 c - a bread ration


   Skills:
 + Level 3.7 Fighting
 * Level 4.4 Maces & Flails
 * Level 1.0 Armour
 + Level 2.6 Dodging
 + Level 2.6 Stealth


You had 3 spell levels left.
You didn't know any spells.

Dungeon Overview and Level Annotations

Branches:
Dungeon (2/15)

Altars:

Annotations:
D:2 Natasha


Innate Abilities, Weirdness & Mutations

You are resistant to torment.
Your stone body is resilient. (AC +3)
You are immune to poison.
You resist negative energy. (rN+)
You are resistant to electric shocks. (rElec)
You can survive without breathing.
You are immune to petrification.
You are immune to rotting.


Message History

The crimson imp blinks!
You start resting.
Natasha completely misses you.
You barely miss Natasha. Natasha casts a spell at you. The magic dart hits you!
You hit Natasha.
Natasha is lightly wounded.
Natasha claws you.
* * * LOW HITPOINT WARNING * * *
Your chain mail prevents you from hitting Natasha.
Natasha is lightly wounded.
Natasha claws you.
* * * LOW HITPOINT WARNING * * *
Natasha casts a spell.
Natasha mumbles some strange words.
You are near starving!
The white imp gestures at you. The puff of frost hits you!
You die...

######...# #....#...# ≈≈≈
#....#...# #### .≈≈≈.≈≈≈.
#....#...########..# ≈≈≈# ≈≈#
#..................####.###.###
#....#...h########...#...#...#.
# #....#.(.5.5..##
#.............
###....#...####..#
#............. ..#....#####
##@####............ #>.....###
#...##............ ####.....#
###..#..#..)#..)#.
###.÷.##########..####.###.##
##...........####.#≈≈≈#≈≈≈#
###..######.####.≈≈≈≈.≈≈≈.≈
#..^## #.##.#§5P≈≈≈≈≈≈≈≈ ####
##.### #....#...P≈≈≈.P≈≈
...###..# ###..##P#.......P


You could see a white imp.

Vanquished Creatures
  Natasha (twice) (D:2)
  A worm (D:2)
  A dart slug (D:1)
  A leopard gecko (D:1)
  A giant cockroach (D:1)
  5 goblins
  7 hobgoblins
  4 jackals (D:2)
  A quokka (D:2)
  5 bats
  2 frilled lizards
  3 kobolds (D:2)
  5 rats
38 creatures vanquished.

Vanquished Creatures (others)
  A plant (D:2)
1 creature vanquished.

Grand Total: 39 creatures vanquished

Notes
Turn   | Place    | Note
-------+----------+-------------------------------------------
     0 | D:1      | markt42 the Gargoyle Monk began the quest for the Orb.
     0 | D:1      | Reached XP level 1. HP: 14/14 MP: 1/1
    58 | D:1      | Reached XP level 2. HP: 12/19 MP: 2/2
   564 | D:2      | Reached XP level 3. HP: 4/23 MP: 3/3
  1020 | D:2      | Noticed Natasha
  1028 | D:2      | Killed Natasha
  1028 | D:2      | Reached skill level 4 in Maces & Flails
  1028 | D:2      | Reached skill level 1 in Armour
  1028 | D:2      | Reached XP level 4. HP: 19/28 MP: 4/4
  1215 | D:2      | Noticed Natasha
  1229 | D:2      | Killed Natasha
  1264 | D:2      | Noticed Natasha
  1312 | D:2      | HP: 1/29 [Natasha (4)]
  1317 | D:2      | Killed from afar by a white imp

Skill      XL: |  1  2  3 |
---------------+----------+-----
Maces & Flails | 4 |  4.4
Armour         | 1 |  1.0
Fighting       | |  3.7
Dodging        | |  2.6
Stealth        | |  2.6

Action                   |  1- 3 |  4- 6 || total
-------------------------+-------+-------++-------
Melee: Mace              |   107 |    22 ||   129
  Use: Scroll            |     1 |       ||     1
 Stab: Sleeping          |     1 |       ||     1
Armor: Robe              |     5 |       ||     5
       Chain mail        |    60 |    13 ||    73
Dodge: Dodged            |    52 |     7 ||    59
